 Dungeon Crawl Stone Soup version 0.29.1-13-g9f3cf754e1 (webtiles) character file.

Game seed: 3324533090154363839

28 Thatpatchoflichen the Ducker (level 3, -2/28 HPs)
             Began as a Human Gladiator on Feb 5, 2023.
             Slain by a goblin
             ... wielding a +0 dagger
             ... led by Robin
              (3 damage)
             ... on level 1 of the Dungeon.
             The game lasted 00:02:02 (782 turns).

Thatpatchoflichen the Ducker (Human Gladiator)       Turns: 782, Time: 00:02:04

Health: -2/28      AC:  4    Str: 14    XL:     3   Next: 27%
Magic:  3/3        EV: 13    Int:  8    God:
Gold:   111        SH:  0    Dex: 16    Spells: 2/2 levels left

rFire   . . .      SeeInvis .   a - +0 long sword
rCold   . . .      Faith    .   f - orb {*Rage}
rNeg    . . .      Spirit   .   b - +0 leather armour
rPois   .          Reflect  .   c - +0 helmet
rElec   .          Harm     .   (no cloak)
rCorr   .          Rampage  .   (no gloves)
Will    .....      Rage     20% (no boots)
Stlth   +.........              (no amulet)
HPRegen 0.09/turn               (no ring)
MPRegen 0.08/turn               (no ring)

@: on berserk cooldown, slowed, very slow
A: no striking features
a: no special abilities


You were on level 1 of the Dungeon.
You visited 1 branch of the dungeon, and saw 2 of its levels.

You collected 111 gold pieces.

Inventory:

Hand Weapons
 a - a +0 long sword (weapon)
Missiles
 d - 3 throwing nets (quivered)
 e - a javelin
Armour
 b - a +0 leather armour (worn)
 c - a +0 helmet (worn)
 f - an orb of wrath (worn)
Scrolls
 g - a scroll of teleportation {unknown}
 h - a scroll of enchant armour {unknown}
 i - a scroll of enchant weapon {unknown}
 l - a scroll of amnesia {unknown}
Potions
 j - a potion of degeneration {unknown}
 k - a potion of heal wounds {unknown}


   Skills:
 * Level 2.8 Fighting
 + Level 3.3 Long Blades
 - Level 2.0 Throwing
 + Level 3.3 Dodging


You had 2 spell levels left.
You didn't know any spells.
Your spell library was empty.

Dungeon Overview and Level Annotations

Branches:
Dungeon (2/15)

Altars:

Annotations:
D:2 Robin


Message History

The goblin barely misses you.
Items here: ( ) †††.
The goblin attacks as you move away! The goblin hits you but does no damage.
The goblin misses you. The goblin hits you with a +0 dagger.
The goblin attacks as you move away! The goblin misses you.
The goblin attacks as you move away! The goblin misses you.
The goblin hits you but does no damage. The goblin hits you with a +0 dagger.
The goblin attacks as you move away! The goblin closely misses you. x2
The goblin hits you with a +0 dagger.
There is a stone staircase leading up here.
The goblin barely misses you. The goblin hits you but does no damage.
You climb upwards.
There is a stone staircase leading down here.
You miss the goblin. The goblin hits you with a +0 dagger.
The goblin barely misses you.
The goblin hits you with a +0 dagger. x3
The goblin barely misses you.
You hit the goblin.
The goblin is severely wounded.
The goblin hits you with a +0 dagger. The goblin hits you but does no damage.
The goblin barely misses you. The goblin hits you but does no damage.
The goblin hits you with a +0 dagger.
* * * LOW HITPOINT WARNING * * *
The goblin closely misses you.
You hit the goblin but do no damage.
The goblin is heavily wounded.
The goblin closely misses you.
The goblin hits you but does no damage. x2
The goblin hits you with a +0 dagger.
* * * LOW HITPOINT WARNING * * *
The goblin hits you with a +0 dagger.
* * * LOW HITPOINT WARNING * * *
The goblin closely misses you.
You barely miss the goblin.
The goblin is heavily wounded.
The goblin hits you with a +0 dagger.
* * * LOW HITPOINT WARNING * * *
The goblin hits you with a +0 dagger.
* * * LOW HITPOINT WARNING * * *
The goblin hits you with a +0 dagger.
You die...

#.......##....# ##..
###########....# #..
#.....^.###....########..
#.#####..................
#...###########....##....
###....# ####.....#.
####.## ####.... #.g###
#...###
##g@g#########.###
###.........#.#
#########...# #####


You could see 3 goblins.

Vanquished Creatures
  An adder (D:2)
  3 bats (D:1)
  4 endoplasms
  A giant cockroach (D:1)
  A hobgoblin (D:2)
  2 ball pythons
  2 frilled lizards
  A goblin (D:2)
  2 kobolds
  3 rats (D:1)
20 creatures vanquished.

Notes
Turn   | Place    | Note
-------+----------+-------------------------------------------
     0 | D:1      | Thatpatchoflichen the Human Gladiator began the quest for
                  | the Orb.
     0 | D:1      | Reached XP level 1. HP: 16/16 MP: 1/1
   225 | D:1      | Reached XP level 2. HP: 23/23 MP: 2/2
   654 | D:2      | Reached XP level 3. HP: 28/28 MP: 3/3
   764 | D:2      | Noticed Robin
   782 | D:1      | HP: 1/28 [goblin/+0 dagger[Robin] (1)]
   782 | D:1      | Slain by a goblin

Illustrated notes

Levels and vault maps discovered:
D:1:      eino_arrival_druids_welcome, layout_rooms
D:2:      layout_basic, ebering_ecumenical_altar_mist, uniq_robin

Action                   || total
-------------------------++-------
Melee: Long sword        ||    42
 Stab: Sleeping          ||     1
Armor: Leather armour    ||    24
Dodge: Dodged            ||    48
